 Dungeon Crawl Stone Soup version 0.16-a0-3280-g3a29b53 (webtiles) character file.

420 Kemay the Insei (level 6, -6/42 HPs)
             Began as an Octopode Monk on Dec 24, 2014.
             Mangled by an ogre
             ... wielding a +0 giant club
              (24 damage)
             ... on level 4 of the Dungeon.
             The game lasted 00:07:18 (2483 turns).

Kemay the Insei (Octopode Monk)                     Turns: 2483, Time: 00:07:18

Health: -6/42      AC:  1    Str: 10    XL:     6   Next: 94%
Magic:  6/6        EV: 14    Int: 14    God:
Gold:   140        SH:  6    Dex: 15    Spells: 0 memorised, 5 levels left

rFire  . . .     SeeInvis .       - Unarmed
rCold  . . .     Clarity  .     h - +1 buckler
rNeg   . . .     SustAb   .     (helmet restricted)
rPois  .         Gourm    .     j - amulet of regeneration
rElec  .         Spirit   .     i - ring of wizardry
rCorr  .         Warding  .     (no ring)
rMut   .         Stasis   .     (no ring)
MR     .....                    (no ring)
Stlth  +++.......               (no ring)
                                (no ring)
                                (no ring)
                                (no ring)

@: not resistant to hostile enchantments, fairly stealthy
A: almost no armour, amphibious, 8 rings, constrict 8, camouflage 1, gelatinous
body 1
a: no special abilities


You were on level 4 of the Dungeon.
You were not hungry.

You visited 2 branches of the dungeon, and saw 5 of its levels.

You collected 140 gold pieces.

Inventory:

Armour
 h - a +1 buckler (worn)
Jewellery
 i - a ring of wizardry (left tentacle)
 j - an amulet of regeneration (around mantle)
Scrolls
 e - a scroll of enchant weapon
Potions
 a - 2 potions of brilliance
 g - 2 potions of magic
 k - a potion of restore abilities
 l - a potion of curing
 m - 2 potions of heal wounds {unknown}
 n - a potion of invisibility {unknown}
 o - a potion of might
Comestibles
 b - 3 bread rations
 c - 8 fruits
 d - a beef jerky
 f - 8 chunks of flesh


   Skills:
 - Level 3.0 Fighting
 + Level 4.7 Dodging
 - Level 2.6 Stealth
 * Level 3.2 Shields
 + Level 6.1 Unarmed Combat


You had 5 spell levels left.
You didn't know any spells.

Dungeon Overview and Level Annotations

Branches:
Dungeon (4/15)             Temple (1/1) D:4

Altars:
Cheibriados
Dithmenos
Elyvilon
Fedhas
Makhleb
Nemelex Xobeh
Okawaru
Qazlal
Ru
Vehumet
Xom
Yredelemnul
The Shining One


Innate Abilities, Weirdness & Mutations

You cannot wear most types of armour.
You are amphibious.
You can wear up to eight rings at the same time.
You can use your tentacles to constrict many enemies at once.
Your skin changes colour to match your surroundings (Stealth).
Your rubbery body absorbs attacks (AC +1).


Message History

You kill the giant newt!
An ogre comes into view. It is wielding a giant club.
A giant newt comes into view.
An iguana comes into view.
The helpless ogre fails to defend itself.
You tentacle-slap the ogre.
The ogre is lightly wounded.
You tentacle-slap the ogre but do no damage.
You squeeze the ogre!
The ogre is moderately wounded.
The ogre hits you with a giant club!!
Ouch! That really hurt!
You tentacle-slap the ogre.
The ogre is heavily wounded.
The ogre barely misses you.
You tentacle-slap the ogre. Your squeeze misses the ogre.
The ogre is severely wounded.
The ogre hits you with a giant club!!
Ouch! That really hurt!
You die...

... # ....... # .##
........ ###. ..#
#...l.... .....## #.#
#..O..... ....... #.#
#......<. ....... #.#
#........
#.....O##.#######.......
#......@................
##.....#................
#....l..#####..........
#......###..............
...........###..........
.....#.. #..........
l.... #.........# ...
###.......###
.............###


You could see an ogre, an iguana (sleeping) and a giant newt.

Vanquished Creatures
  An ogre (D:4)
  The ghost of yuleCrawler the Magician, an average DEWz (D:3)
  A worker ant (D:4)
  A hound (D:4)
  A giant frog skeleton (D:4)
  2 orc wizards (D:3)
  An iguana (D:4)
  Jessica (D:2)
  3 adders
  A giant mite (D:3)
  A worm (D:3)
  A giant gecko (D:4)
  8 orcs
  5 giant cockroaches
  7 goblins
  5 hobgoblins
  A jackal (D:2)
  7 kobolds
  4 bats
  8 giant newts
  A quokka (D:2)
  6 rats
67 creatures vanquished.

Notes
Turn   | Place    | Note
--------------------------------------------------------------
     0 | D:1      | Kemay, the Octopode Monk, began the quest for the Orb.
     0 | D:1      | Reached XP level 1. HP: 16/16 MP: 1/1
   182 | D:1      | Reached XP level 2. HP: 13/21 MP: 2/2
   997 | D:2      | Reached XP level 3. HP: 26/26 MP: 3/3
  1127 | D:2      | Noticed Jessica
  1135 | D:2      | Killed Jessica
  1135 | D:2      | Reached skill level 5 in Unarmed Combat
  1174 | D:2      | Reached XP level 4. HP: 26/31 MP: 4/4
  1243 | D:2      | Found a sacrificial altar of Ru.
  1586 | D:3      | Noticed yuleCrawler's ghost (average DEWz)
  1594 | D:3      | Killed yuleCrawler's ghost
  1594 | D:3      | Reached XP level 5. HP: 26/36 MP: 5/5
  1779 | D:3      | Found a shadowy altar of Dithmenos.
  1830 | D:3      | Reached skill level 1 in Shields
  2078 | D:3      | Reached XP level 6. HP: 42/42 MP: 6/6
  2209 | D:4      | Reached skill level 6 in Unarmed Combat
  2221 | D:4      | Found a staircase to the Ecumenical Temple.
  2251 | Temple   | Entered the Ecumenical Temple
  2483 | D:4      | Mangled by an ogre

Action                   |  1- 3 |  4- 6 || total
-------------------------+-------+-------++-------
Melee: Unarmed           |    55 |   108 ||   163
  Use: Scroll            |     8 |     5 ||    13
       Potion            |       |     1 ||     1
 Stab: Sleeping          |     6 |     7 ||    13
       Distracted        |     1 |       ||     1
  Eat: Chunk             |     1 |     5 ||     6
